Map: Dusk Towers

Players

Chris (MCanning) - Winner!

  • Race: Protoss Protoss
  • League: Master

lemonz

  • Race: Protoss Protoss

VOD

Have the link to the VOD?

Description

Time

  • Played on: Nov. 14, 2015, 1:24 a.m.
  • Length: 12:28
Show
View Real Time Build Order
Export as new Build Order

Chris Protoss - Winner!

Build Orders: 1 Gate Expand 

Get SALT Encoding   

  12  0:01  Probe (Chrono Boost)  
  13  0:11  Probe (Chrono Boost)  
  14  0:18  Pylon  
  14  0:22  Probe (Chrono Boost)  
  15  0:37  Probe (Chrono Boost)  
  15  0:38  Gateway  
  16  0:47  Probe (Chrono Boost)  
  17  0:53  Assimilator  
  17  0:58  Probe (Chrono Boost)  
  18  1:08  Probe (Chrono Boost)  
  19  1:24  Nexus  
  19  1:33  Cybernetics Core, Probe (Chrono Boost)  
  20  1:43  Probe (Chrono Boost), Assimilator  
  21  1:51  Pylon  
  22  1:54  Probe (Chrono Boost)  
  22  2:05  Probe (Chrono Boost)  
  23  2:15  Mothership Core (Chrono Boost)  
  25  2:16  Adept (Chrono Boost)  
  27  2:23  Pylon  
  27  2:24  Warp Gate  
  27  2:36  Probe  
  28  2:39  Probe (Chrono Boost)  
  29  2:48  Probe (Chrono Boost)  
  31  2:51  Probe (Chrono Boost)  
  31  2:58  Stalker  
  33  2:59  Probe (Chrono Boost)  
  33  3:01  Twilight Council  
  33  3:02  Probe (Chrono Boost)  
  35  3:10  Probe (Chrono Boost)  
  35  3:12  Probe (Chrono Boost)  
  37  3:20  Probe (Chrono Boost)  
  37  3:23  Probe (Chrono Boost)  
  39  3:30  Gateway  
  39  3:31  Probe (Chrono Boost), Gateway  
  39  3:33  Probe (Chrono Boost)  
  40  3:41  Probe (Chrono Boost)  
  40  3:44  Probe (Chrono Boost)  
  42  3:52  Probe (Chrono Boost)  
  42  3:54  Probe (Chrono Boost)  
  42  3:55  Robotics Facility  
  44  3:56  Pylon  
  44  4:00  Assimilator  
  44  4:01  Sentry  
  44  4:02  Probe (Chrono Boost), Blink (Chrono Boost)  
  47  4:04  Assimilator  
  47  4:05  Probe (Chrono Boost)  
  47  4:09  Pylon  
  48  4:13  Probe (Chrono Boost)  
  48  4:14  Probe  
  50  4:20  Pylon  
  50  4:25  Probe  
  50  4:27  Probe  
  52  4:37  Probe  
  52  4:38  Probe  
  53  4:41  Gateway  
  53  4:42  Gateway  
  53  4:43  Observer (Chrono Boost)  
  55  4:46  Pylon  
  55  4:50  Probe  
  56  4:56  Stalker x3  
  62  5:05  Probe  
  63  5:11  Forge  
  63  5:14  Probe  
  63  5:16  Robotics Bay  
  63  5:20  Stalker x2  
  63  5:21  Stalker  
  70  5:32  Probe  
  71  5:36  Probe  
  71  5:42  Pylon  
  72  5:44  Protoss Ground Weapons Level 1 (Chrono Boost)  
  72  5:53  Probe  
  73  6:00  Nexus  
  73  6:02  Pylon  
  73  6:07  Templar Archives  
  73  6:10  Gateway, Photon Cannon  
  73  6:12  Gateway  
  73  6:16  Photon Cannon  
  73  6:17  Photon Cannon  
  73  6:20  Photon Cannon  
  73  6:32  Gateway x2  
  72  6:35  Stalker  
  72  6:45  High Templar  
  72  6:46  High Templar x2  
  76  6:48  Probe  
  76  6:50  Probe  
  76  6:54  Gateway  
  78  7:00  Probe  
  79  7:03  High Templar  
  79  7:07  Photon Cannon  
  75  7:10  Probe  
  75  7:11  Photon Cannon, Charge  
  75  7:15  Observer (Chrono Boost), Photon Cannon  
  77  7:16  Pylon  
  77  7:20  Probe  
  76  7:23  Probe  
  76  7:26  Assimilator  
  76  7:27  Probe  
  76  7:29  Pylon  
  78  7:30  Assimilator  
  78  7:31  High Templar  
  78  7:33  Disruptor (Chrono Boost)  
  80  7:39  Probe (Chrono Boost)  
  79  7:48  Mothership Core (Chrono Boost)  
  79  7:51  Probe (Chrono Boost)  
  73  7:54  Probe (Chrono Boost)  
  73  7:56  Stalker x3  
  80  8:03  Probe (Chrono Boost)  
  80  8:04  Probe (Chrono Boost)  
  82  8:05  Photon Cannon  
  82  8:07  Probe (Chrono Boost), Protoss Ground Weapons Level 2 (Chrono Boost)  
  83  8:15  Probe x2 (Chrono Boost), Zealot  
  83  8:16  Zealot x3  
  83  8:17  Probe (Chrono Boost), Disruptor  
  97  8:23  Pylon  
  98  8:27  Probe x2 (Chrono Boost)  
  98  8:33  Probe (Chrono Boost)  
  100  8:37  Probe x2  
  100  8:41  Stalker x3  
  106  8:48  Probe  
  106  8:52  Disruptor (Chrono Boost)  
  110  8:56  Pylon  
  110  8:59  Zealot  
  112  9:03  Stalker x3  
  112  9:09  Pylon  
  118  9:12  Stalker x3  
  124  9:20  Gateway  
  124  9:30  Nexus  
  124  9:33  Pylon  
  124  9:34  Stalker x2  
  124  9:35  Stalker x2  
  128  9:45  Disruptor (Chrono Boost)  
  128  10:02  Stalker x2  
  128  10:03  Stalker x6  
  142  10:07  Probe  
  143  10:24  Nexus, Disruptor (Chrono Boost)  
  146  10:28  Probe  
  147  10:37  Zealot, High Templar x2  
  147  10:38  Zealot x3  
  157  10:47  Pylon  
  157  10:48  Pylon  
  157  10:51  Pylon  
  136  11:06  High Templar, Archon  
  136  11:07  High Templar  
  136  11:09  High Templar x2  
  136  11:10  Archon  
  140  11:13  Archon  
  140  11:14  Zealot x5  
  138  11:29  Probe  
  138  11:31  Probe  
  138  11:32  Disruptor (Chrono Boost)  
  127  11:35  Probe  
  124  11:43  Stalker x2  
  124  11:44  Stalker x4  
  124  11:45  Stalker x4  
  124  12:06  Nexus  
Show
View Real Time Build Order
Export as new Build Order

lemonz Protoss 

Build Orders: Nexus First 

Get SALT Encoding   

  12  0:01  Probe (Chrono Boost)  
  13  0:11  Probe (Chrono Boost)  
  14  0:20  Pylon  
  14  0:22  Probe (Chrono Boost)  
  15  0:38  Probe (Chrono Boost)  
  16  0:49  Probe (Chrono Boost)  
  17  0:59  Nexus  
  17  1:09  Gateway  
  17  1:12  Probe (Chrono Boost)  
  18  1:23  Probe (Chrono Boost)  
  18  1:24  Assimilator  
  19  1:28  Assimilator  
  19  1:33  Probe (Chrono Boost)  
  20  1:44  Probe (Chrono Boost)  
  21  1:54  Probe (Chrono Boost)  
  21  2:00  Cybernetics Core  
  22  2:05  Probe (Chrono Boost)  
  22  2:06  Pylon  
  23  2:12  Probe (Chrono Boost)  
  25  2:15  Probe (Chrono Boost)  
  25  2:22  Probe (Chrono Boost)  
  26  2:26  Probe (Chrono Boost)  
  27  2:32  Probe (Chrono Boost)  
  27  2:36  Probe (Chrono Boost)  
  27  2:37  Adept (Chrono Boost), Warp Gate  
  31  2:41  Probe  
  32  2:45  Pylon  
  32  2:48  Probe  
  33  2:52  Probe (Chrono Boost)  
  34  2:59  Assimilator  
  34  3:00  Mothership Core (Chrono Boost)  
  34  3:04  Probe (Chrono Boost)  
  37  3:15  Probe (Chrono Boost)  
  37  3:18  Robotics Facility  
  37  3:19  Probe (Chrono Boost)  
  39  3:25  Probe (Chrono Boost)  
  40  3:30  Probe (Chrono Boost)  
  40  3:32  Stargate  
  41  3:36  Probe (Chrono Boost)  
  41  3:38  Stargate  
  41  3:40  Probe (Chrono Boost)  
  43  3:46  Probe (Chrono Boost)  
  42  3:50  Pylon, Assimilator  
  42  3:51  Probe (Chrono Boost)  
  43  3:57  Probe (Chrono Boost), Pylon  
  43  4:02  Probe (Chrono Boost)  
  45  4:06  Observer  
  45  4:07  Probe (Chrono Boost)  
  47  4:10  Pylon  
  47  4:12  Probe (Chrono Boost)  
  47  4:13  Pylon  
  50  4:18  Phoenix (Chrono Boost)  
  50  4:22  Phoenix (Chrono Boost)  
  52  4:25  Pylon  
  52  4:38  Immortal (Chrono Boost)  
  56  4:40  Phoenix  
  56  4:43  Gateway x2  
  58  4:54  Phoenix (Chrono Boost)  
  58  4:59  Pylon  
  60  5:01  Pylon  
  60  5:02  Pylon  
  60  5:09  Phoenix (Chrono Boost)  
  60  5:13  Immortal (Chrono Boost)  
  66  5:17  Probe x2  
  68  5:23  Gateway  
  68  5:24  Pylon, Phoenix (Chrono Boost)  
  70  5:32  Phoenix (Chrono Boost)  
  72  5:38  Probe x2  
  74  5:46  Phoenix (Chrono Boost)  
  75  5:53  Immortal (Chrono Boost)  
  75  5:55  Phoenix  
  81  5:57  Forge  
  81  5:59  Probe  
  82  6:11  Phoenix  
  82  6:12  Nexus  
  84  6:26  Phoenix  
  84  6:28  Immortal (Chrono Boost)  
  84  6:32  Probe x2  
  92  6:43  Phoenix  
  92  6:44  Probe  
  93  6:50  Probe  
  93  6:51  Phoenix (Chrono Boost)  
  96  6:56  Probe  
  96  6:57  Protoss Ground Weapons Level 1  
  97  7:02  Immortal (Chrono Boost), Probe  
  97  7:08  Phoenix (Chrono Boost)  
  100  7:13  Probe  
  103  7:19  Probe  
  104  7:25  Probe, Pylon  
  105  7:31  Phoenix  
  105  7:36  Phoenix  
  109  7:37  Immortal (Chrono Boost)  
  109  7:56  Phoenix  
  109  7:58  Phoenix  
  109  8:03  Assimilator  
  109  8:05  Twilight Council  
  111  8:07  Assimilator  
  111  8:10  Gateway  
  111  8:13  Gateway  
  111  8:14  Immortal (Chrono Boost)  
  111  8:15  Gateway  
  115  8:20  Photon Cannon  
  115  8:21  Gateway  
  115  8:22  Photon Cannon  
  115  8:29  Zealot x3  
  115  8:30  Zealot  
  123  8:35  Pylon x2  
  123  8:40  Pylon  
  123  8:47  Pylon  
  123  8:51  Immortal (Chrono Boost)  
  123  8:52  Charge (Chrono Boost)  
  127  8:56  Zealot  
  129  9:11  Protoss Ground Weapons Level 2  
  129  9:13  Zealot x2  
  133  9:17  Gateway  
  133  9:31  Immortal, Nexus  
  133  9:32  Pylon  
  124  10:02  Phoenix (Chrono Boost)  
  124  10:04  Phoenix (Chrono Boost)  
  126  10:12  Zealot  
  126  10:13  Zealot  
  126  10:14  Zealot x6  
  141  10:24  Stargate  
  141  10:26  Phoenix (Chrono Boost)  
  89  10:28  Phoenix (Chrono Boost)  
  133  10:38  Zealot x6  
  137  10:50  Phoenix x2 (Chrono Boost)  
  119  11:09  Zealot x7  
  119  11:10  Zealot x2  
  131  11:13  Probe  
  131  11:15  Probe x2  
  106  11:30  Immortal (Chrono Boost)  
Tags
 
Add a new tag
Caveats
  • Supply blocks, unpowered buildings, or Contaminate may cause inaccurate times.
  • Supply counts are checked every 10 seconds.